 Dungeon Crawl Stone Soup version 0.28-b1-25-g9875b3fc8c (console) character file.

Game seed: 14322173586316192526

70 syban the Digger (level 4, -2/34 HPs)
             Began as a Palentonga Earth Elementalist on Jan 31, 2022.
             Was an Initiate of Okawaru.
             Killed by divine providence
             ... invoked by an orc priest
              (9 damage)
             ... on level 3 of the Dungeon.
             The game lasted 00:03:37 (3422 turns).

syban the Digger (Palentonga Earth Elementalist)    Turns: 3422, Time: 00:03:38

Health: -2/34      AC:  5    Str: 13    XL:     4   Next: 4%
Magic:  1/7        EV: 10    Int: 16    God:    Okawaru [......]
Gold:   52         SH:  0    Dex: 10    Spells: 6/7 levels left

rFire   . . .      SeeInvis +   m - +0 hand axe
rCold   . . .      Faith    .   (no shield)
rNeg    . . .      Spirit   .   b - +0 robe
rPois   .          Reflect  .   (no helmet)
rElec   .          Harm     .   e - +0 cloak
rCorr   .          Rampage  .   (no gloves)
Will    .....                   (no barding)
Stlth   +.........              (no amulet)
HPRegen 0.11/turn               (no ring)
MPRegen 0.10/turn               (no ring)

@: no status effects
A: large, rugged brown scales 3, see invisible, deformed body, roll 1, armoured
tail
a: Rolling Charge, Renounce Religion


You were on level 3 of the Dungeon.
You worshipped Okawaru.
Okawaru was noncommittal.
You visited 2 branches of the dungeon, and saw 5 of its levels.

You collected 52 gold pieces.

Inventory:

Hand Weapons
 m - a +0 hand axe (weapon)
Missiles
 c - 101 stones
Armour
 b - a +0 robe (worn)
 e - a +0 cloak (worn)
Jewellery
 a - an amulet of regeneration
Wands
 k - a wand of flame (20)
Scrolls
 g - 3 scrolls of identify
 i - a scroll of teleportation
Potions
 d - a potion of might {unknown}
 f - a potion of cancellation {unknown}
 h - a potion of flight {unknown}
 j - a potion of heal wounds {unknown}
 l - a potion of berserk rage {unknown}
 n - a potion of brilliance {unknown}
 o - 2 potions of lignification {unknown}


   Skills:
 * Level 1.2 Fighting
 * Level 1.2 Armour
 * Level 2.6 Dodging
 - Level 1.2 Stealth
 - Level 2.0 Spellcasting
 - Level 1.0 Transmutations
 - Level 3.0 Earth Magic


You had 6 spell levels left.
You knew the following spells:

 Your Spells              Type           Power      Damage    Failure   Level
a - Sandblast             Erth           22%        2d7       6%          1

Your spell library contained the following spells:

 Spells                   Type           Power      Damage    Failure   Level
 Passwall                 Tmut/Erth      6%         N/A       14%         2
 Stone Arrow              Conj/Erth      12%        3d7       32%         3
 Inner Flame              Hex/Fire       1%         N/A       52%         3
 Petrify                  Tmut/Erth      8%         N/A       65%         4
 Cause Fear               Hex            0%         N/A       90%         4
 Discord                  Hex            0%         N/A       100%        8


Dungeon Overview and Level Annotations

Branches:
Dungeon (4/15)             Temple (1/1) D:4

Altars:
Ashenzari
Cheibriados
Dithmenos
Elyvilon
Fedhas
Gozag
Hepliaklqana
Kikubaaqudgha
Makhleb
Nemelex Xobeh
Okawaru
Qazlal
Ru
Sif Muna
Trog
Uskayaw
Xom
Yredelemnul
Zin
The Shining One


Innate Abilities, Weirdness & Mutations

You are completely covered in rugged brown scales. (AC +3, +7% HP)
You have supernaturally acute eyesight. (SInv)
Armour fits poorly on your strangely shaped body.
You can roll at nearby foes to attack.
You have a long armoured tail.


Message History

Press: ? - help, Shift-Dir - straight line, f/p - orc priest
Aim: an orc priest, wielding a +0 short sword and wearing a +0 leather armour (moderately wounded, 79% to hit)
The blast of sand hits the orc priest.
The orc priest is severely wounded.
The orc hits you with a +0 flail.
The orc priest hits you with a +0 short sword.
Casting: Sandblast (safe; 6% risk of failure)
Confirm with . or Enter, or press ? or * to list all spells.
Aiming: Sandblast (safe; 6% risk of failure)
Press: ? - help, Shift-Dir - straight line, f/p - orc priest
Aim: an orc priest, wielding a +0 short sword and wearing a +0 leather armour (severely wounded, 79% to hit)
The blast of sand hits the orc priest.
The orc priest is severely wounded.
The orc barely misses you.
The orc priest miscasts a cantrip.
Casting: Sandblast (safe; 6% risk of failure)
Confirm with . or Enter, or press ? or * to list all spells.
Aiming: Sandblast (safe; 6% risk of failure)
Press: ? - help, Shift-Dir - straight line, f/p - orc priest
Aim: an orc priest, wielding a +0 short sword and wearing a +0 leather armour (severely wounded, 79% to hit)
The blast of sand hits the orc priest but does no damage.
The orc priest is severely wounded.
The orc hits you with a +0 flail.
* * * LOW HITPOINT WARNING * * *
The orc priest barely misses you.
You hit the orc priest but do no damage.
The orc priest is severely wounded.
You completely miss the orc. The orc closely misses you.
The orc priest hits you with a +0 short sword.
* * * LOW HITPOINT WARNING * * *
The orc hits you but does no damage.
Unknown command.
You hit the orc priest but do no damage.
The orc priest is severely wounded.
You hit the orc.
You kill the orc!
Okawaru accepts your kill.
The orc priest calls down the wrath of Beogh upon you.
Beogh smites you!
You die...

#......... #..
.......... ##..
#......... .....
#.....<.. ...!.
#........ ......
#........ ......###
#........
......o)########........
......#@................
......[.#######.........
......#..######.........
......##†..<...........#
##### ####....#.......(
#..####...###.. #.##
##### .. ## ##


You could see an orc priest.

Vanquished Creatures
  2 adders
  2 dart slugs
  2 orcs (D:3)
  2 ball pythons (D:2)
  5 endoplasms
  3 giant cockroaches
  6 goblins
  4 hobgoblins
  3 jackals (D:3)
  2 quokkas
  4 bats (D:2)
  3 frilled lizards
  4 kobolds
  3 rats
45 creatures vanquished.

Notes
Turn   | Place    | Note
-------+----------+-------------------------------------------
     0 | D:1      | syban the Palentonga Earth Elementalist began the quest for
                  | the Orb.
     0 | D:1      | Reached XP level 1. HP: 13/13 MP: 3/3
   893 | D:2      | Reached XP level 2. HP: 14/21 MP: 5/5
  1085 | D:2      | Reached skill level 3 in Earth Magic
  1743 | D:2      | Found a faded altar of an unknown god.
  1814 | D:2      | Reached XP level 3. HP: 17/26 MP: 6/6
  2088 | D:2      | Found a stormy altar of Qazlal.
  2206 | D:2      | Reached skill level 1 in Armour
  2579 | D:4      | Reached skill level 1 in Fighting
  2620 | D:4      | Found a staircase to the Ecumenical Temple.
  2649 | Temple   | Entered the Ecumenical Temple
  3142 | Temple   | Became a worshipper of Warmaster Okawaru
  3406 | D:3      | Reached XP level 4. HP: 30/34 MP: 7/7
  3422 | D:3      | Killed from afar by an orc priest

Illustrated notes

Levels and vault maps discovered:
D:1:      amcnicky_arrival_single_pillar, layout_loops_ring
D:2:      layout_basic, basic_altar, dilly_ecumenical_altar_fadedgnrine
D:3:      layout_rooms, serial_curves, eino_curves_01, eino_curves_03,
          kennysheep_generic_room_3, uniq_ijyb, uniq_jessica, uniq_robin
D:4:      layout_gridville, minmay_temple_entry_statues_fountains
Temple:   mainiacjoe_temple_big_plus

Skill      XL: |  1  2  3 |
---------------+----------+-----
Earth Magic    | 3 |  3.0
Dodging        | 2 |  2.6
Armour         | 1 |  1.2
Fighting       | 1 |  1.2
Stealth        | |  1.2
Spellcasting   | |  2.0
Transmutations | |  1.0

Action                   |  1- 3 |  4- 6 || total
-------------------------+-------+-------++-------
Melee: Unarmed           |   142 |       ||   142
       Tailslap          |    21 |       ||    21
       Punch             |     3 |       ||     3
       Hand axe          |    47 |     8 ||    55
 Cast: Sandblast         |    10 |     7 ||    17
  Use: Scroll            |     1 |       ||     1
 Stab: Sleeping          |     3 |       ||     3
Armor: Robe              |   105 |     4 ||   109
Dodge: Dodged            |   103 |    11 ||   114
